General information
- name: BNet
- type: Ladder team game (AT/RT)
- host: Battle.net
- saver: TOYS-R-US-DEAL
map: MarketSquare
- players: 8
- length: 21:29
- speed: Fast
- version: 1.26 W3XP
- replay type: Public
» download(168 KB)
Players
team 1 (winner)
GusOldIronsides (
pink | 81 APM | 1736 actions | 21:29)
5 Paladin
3 Holy Light
2 Devotion Aura
» actions
| Assign group hotkey | 26 | |
| Basic commands | 38 | |
| Build / train | 112 | |
| Enter build submenu | 24 | |
| Enter hero's abilities submenu | 5 | |
| Right click | 907 | |
| Select / deselect | 365 | |
| Select group hotkey | 196 | |
| Use ability | 63 | |
1736 total
» units
| Peasant | 23 | |
| Footman | 3 | |
| Rifleman | 18 | |
| Mortar Team | 8 | |
52 total
» upgrades
| Long Rifles | 1 | |
| Masonry | 2 | |
| Gunpowder | 1 | |
| Armor | 2 | |
6 total
» buildings
| Farm | 9 | |
| Altar of Kings | 1 | |
| Lumber Mill | 1 | |
| Barracks | 2 | |
| Blacksmith | 1 | |
| Scout Tower | 11 | |
| Arcane Tower | 3 | |
| Guard Tower | 19 | |
| Arcane Vault | 1 | |
| Keep | 3 | |
| Town Hall | 1 | |
| Workshop | 2 | |
| Castle | 6 | |
60 total
» build order
00:23 Farm
00:41 Altar of Kings
00:44 Lumber Mill
01:09 Barracks
01:12 Farm
01:53 Blacksmith
02:15 Farm
02:45 Scout Tower
03:24 Scout Tower
03:27 Scout Tower
03:45 Farm
03:54 Arcane Tower
03:54 Arcane Tower
03:57 Guard Tower
04:02 Guard Tower
04:19 Arcane Vault
04:43 Keep
04:43 Keep
08:19 Farm
09:08 Town Hall
09:10 Scout Tower
09:11 Scout Tower
09:12 Scout Tower
09:13 Scout Tower
09:14 Scout Tower
09:15 Scout Tower
09:16 Scout Tower
09:17 Scout Tower
09:35 Farm
09:41 Workshop
09:44 Workshop
09:49 Barracks
10:15 Guard Tower
10:15 Guard Tower
11:39 Guard Tower
11:39 Guard Tower
11:40 Guard Tower
12:45 Guard Tower
12:49 Farm
12:49 Farm
12:50 Farm
16:37 Castle
» items
| Scroll of Town Portal | 3 | |
| Scroll of Regeneration | 2 | |
| Lesser Clarity Potion | 1 | |
6 total
u_make_me_horny (
green | 134 APM | 2871 actions | 21:29)
6 Death Knight
3 Death Coil
2 Unholy Aura
1 Animate Dead
5 Dreadlord
2 Sleep
3 Vampiric Aura
» actions
| Assign group hotkey | 27 | |
| Build / train | 85 | |
| Enter build submenu | 19 | |
| Enter hero's abilities submenu | 12 | |
| Give item / drop item | 3 | |
| Remove unit from queue | 2 | |
| Right click | 897 | |
| Select / deselect | 362 | |
| Select group hotkey | 1259 | |
| Use ability | 205 | |
2871 total
» units
| Acolyte | 14 | |
| Ghoul | 3 | |
| Crypt Fiend | 10 | |
| Obsidian Statue | 10 | |
| Frost Wyrm | 1 | |
38 total
» upgrades
| Creature Attack | 3 | |
| Creature Carapace | 3 | |
| Web | 1 | |
| Destroyer Form | 1 | |
| Ghoul Frenzy | 1 | |
| Freezing Breath | 1 | |
10 total
» buildings
| Graveyard | 2 | |
| Crypt | 1 | |
| Ziggurat | 8 | |
| Altar of Darkness | 1 | |
| Tomb of Relics | 2 | |
| Nerubian Tower | 1 | |
| Halls of the Dead | 1 | |
| Black Citadel | 1 | |
| Slaughterhouse | 1 | |
| Spirit Tower | 1 | |
| Necropolis | 1 | |
| Sacrificial Pit | 1 | |
| Boneyard | 1 | |
22 total
» build order
00:08 Graveyard
00:11 Crypt
00:33 Ziggurat
00:37 Altar of Darkness
01:55 Tomb of Relics
01:57 Tomb of Relics
02:03 Ziggurat
02:13 Nerubian Tower
03:55 Ziggurat
05:11 Halls of the Dead
07:08 Ziggurat
08:04 Black Citadel
08:10 Slaughterhouse
08:12 Spirit Tower
08:43 Graveyard
11:07 Necropolis
11:14 Ziggurat
12:20 Ziggurat
12:49 Ziggurat
15:04 Sacrificial Pit
17:25 Boneyard
19:42 Ziggurat
» items
| Rod of Necromancy | 9 | |
| Potion of Lesser Invulnerability | 1 | |
| Scroll of Protection | 2 | |
| Scroll of Healing | 2 | |
| Potion of Healing | 2 | |
| Scroll of Town Portal | 2 | |
18 total

»
TOYS-R-US-DEAL (
blue | 75 APM | 1612 actions | 21:29)
5 Mountain King
2 Storm Bolt
3 Bash
4 Paladin
2 Holy Light
2 Divine Shield
» actions
| Assign group hotkey | 29 | |
| Basic commands | 1 | |
| Build / train | 53 | |
| Enter build submenu | 13 | |
| Enter hero's abilities submenu | 9 | |
| Give item / drop item | 2 | |
| Right click | 817 | |
| Select / deselect | 188 | |
| Select group hotkey | 452 | |
| Use ability | 48 | |
1612 total
» units
| Peasant | 9 | |
| Footman | 6 | |
| Gryphon Rider | 10 | |
25 total
» upgrades
| Swords | 2 | |
| Armor | 2 | |
| Lumber Harvesting | 1 | |
| Animal War Training | 1 | |
| Storm Hammers | 1 | |
7 total
» buildings
| Altar of Kings | 1 | |
| Barracks | 1 | |
| Farm | 10 | |
| Scout Tower | 1 | |
| Arcane Vault | 1 | |
| Arcane Tower | 1 | |
| Keep | 2 | |
| Lumber Mill | 1 | |
| Blacksmith | 1 | |
| Castle | 1 | |
| Gryphon Aviary | 2 | |
| Town Hall | 1 | |
23 total
» build order
00:22 Altar of Kings
00:25 Barracks
00:37 Farm
00:53 Farm
01:37 Farm
01:44 Scout Tower
02:07 Arcane Vault
02:11 Arcane Tower
04:11 Keep
04:14 Farm
04:37 Lumber Mill
04:41 Blacksmith
05:08 Farm
05:08 Farm
05:09 Farm
05:09 Farm
05:10 Farm
05:10 Farm
06:55 Castle
07:10 Gryphon Aviary
07:11 Gryphon Aviary
21:18 Town Hall
» items
| Scroll of Regeneration | 2 | |
| Scroll of Town Portal | 1 | |
| Potion of Mana | 1 | |
4 total
Cowsownall (
red | 62 APM | 1342 actions | 21:29)
5 Blademaster
3 Wind Walk
2 Critical Strike
4 Shadow Hunter
2 Healing Wave
2 Hex
» actions
| Assign group hotkey | 14 | |
| Build / train | 80 | |
| Enter build submenu | 18 | |
| Enter hero's abilities submenu | 10 | |
| Remove unit from queue | 5 | |
| Right click | 759 | |
| Select / deselect | 333 | |
| Select group hotkey | 29 | |
| Use ability | 94 | |
1342 total
» units
| Peon | 9 | |
| Grunt | 7 | |
| Tauren | 8 | |
| Shaman | 7 | |
| Troll Batrider | 4 | |
35 total
» upgrades
| Melee Weapons | 2 | |
| Armor | 2 | |
| Shaman Training | 2 | |
| Pulverize | 1 | |
7 total
» buildings
| Altar of Storms | 1 | |
| Orc Burrow | 7 | |
| Barracks | 1 | |
| War Mill | 1 | |
| Voodoo Lounge | 1 | |
| Stronghold | 5 | |
| Fortress | 2 | |
| Spirit Lodge | 1 | |
| Tauren Totem | 3 | |
| Beastiary | 1 | |
23 total
» build order
00:10 Altar of Storms
00:15 Orc Burrow
00:48 Barracks
01:32 War Mill
01:46 Orc Burrow
03:02 Voodoo Lounge
03:35 Stronghold
03:35 Stronghold
03:35 Stronghold
03:36 Stronghold
04:24 Orc Burrow
04:29 Orc Burrow
05:56 Fortress
05:57 Fortress
05:59 Spirit Lodge
08:37 Tauren Totem
08:44 Tauren Totem
12:08 Orc Burrow
12:11 Orc Burrow
12:14 Orc Burrow
14:37 Tauren Totem
14:40 Beastiary
» items
| Healing Salve | 2 | |
| Lesser Clarity Potion | 1 | |
| Scroll of Town Portal | 1 | |
| Potion of Healing | 1 | |
| Potion of Mana | 1 | |
6 total
team 2 (loser)
Black_Leg (
purple | 27 APM | 570 actions | 21:09)
4 Mountain King
2 Storm Bolt
2 Bash
1 Paladin
1 Holy Light
» actions
| Basic commands | 1 | |
| Build / train | 53 | |
| Enter build submenu | 30 | |
| Enter hero's abilities submenu | 5 | |
| Give item / drop item | 1 | |
| Remove unit from queue | 6 | |
| Right click | 235 | |
| Select / deselect | 182 | |
| Use ability | 57 | |
570 total
» units
| Peasant | 14 | |
| Footman | 4 | |
| Gryphon Rider | 3 | |
| Dragonhawk Rider | 3 | |
| Knight | 3 | |
27 total
» upgrades
| Lumber Harvesting | 1 | |
| Storm Hammers | 1 | |
| Armor | 1 | |
| Swords | 2 | |
| Cloud | 1 | |
| Animal War Training | 1 | |
7 total
» buildings
| Altar of Kings | 1 | |
| Farm | 11 | |
| Barracks | 1 | |
| Arcane Vault | 1 | |
| Lumber Mill | 1 | |
| Keep | 1 | |
| Scout Tower | 7 | |
| Guard Tower | -3 | |
| Castle | 1 | |
| Gryphon Aviary | 3 | |
| Blacksmith | 1 | |
25 total
» build order
00:41 Altar of Kings
00:43 Farm
01:11 Barracks
01:20 Farm
01:49 Farm
02:14 Arcane Vault
02:36 Lumber Mill
04:01 Keep
06:00 Scout Tower
06:06 Scout Tower
06:09 Scout Tower
06:14 Scout Tower
06:20 Scout Tower
06:23 Scout Tower
06:32 Scout Tower
07:01 Guard Tower
07:10 Castle
08:14 Gryphon Aviary
08:21 Gryphon Aviary
08:52 Gryphon Aviary
10:01 Farm
10:03 Farm
10:55 Farm
10:57 Farm
11:35 Blacksmith
11:44 Farm
11:48 Farm
12:57 Farm
12:59 Farm
» items
| Scroll of Regeneration | 2 | |
| Lesser Clarity Potion | 2 | |
| Periapt of Vitality | 1 | |
| Scroll of Town Portal | 1 | |
6 total
SUCK.Bang.Blow. (
orange | 36 APM | 780 actions | 21:28)
5 Demon Hunter
3 Mana Burn
2 Evasion
» actions
| Build / train | 67 | |
| Enter build submenu | 18 | |
| Enter hero's abilities submenu | 5 | |
| Right click | 376 | |
| Select / deselect | 274 | |
| Use ability | 40 | |
780 total
» units
| Wisp | 19 | |
| Archer | 11 | |
| Druid of the Talon | 7 | |
| Dryad | 6 | |
| Hippogryph | 4 | |
| Mountain Giant | 1 | |
48 total
» upgrades
| Abolish Magic | 1 | |
| Improved Bows | 1 | |
| Druid of the Talon Training | 1 | |
| Well Spring | 1 | |
| Nature's Blessing | 1 | |
5 total
» buildings
| Moon Well | 10 | |
| Altar of Elders | 1 | |
| Ancient of War | 1 | |
| Ancient of Wonders | 1 | |
| Hunter's Hall | 1 | |
| Tree of Ages | 1 | |
| Ancient of Wind | 1 | |
| Ancient of Lore | 1 | |
| Tree of Eternity | 1 | |
| Tree of Life | 1 | |
19 total
» build order
00:12 Moon Well
00:16 Altar of Elders
01:04 Ancient of War
01:27 Moon Well
01:48 Ancient of Wonders
03:20 Moon Well
03:25 Hunter's Hall
04:10 Tree of Ages
04:27 Moon Well
07:23 Ancient of Wind
07:49 Ancient of Lore
08:46 Moon Well
12:43 Tree of Eternity
12:51 Moon Well
15:19 Tree of Life
18:32 Moon Well
18:35 Moon Well
19:33 Moon Well
19:36 Moon Well
» items
| Potion of Healing | 1 | |
| Scroll of Town Portal | 3 | |
| Moonstone | 1 | |
| Orb of Venom | 1 | |
6 total
IwaslikeEmilio (
teal | 42 APM | 878 actions | 20:58)
5 Keeper of the Grove
2 Entangling Roots
3 Thorns Aura
4 Priestess of the Moon
2 Trueshot Aura
2 Searing Arrows
» actions
| Assign group hotkey | 22 | |
| Basic commands | 4 | |
| Build / train | 58 | |
| Enter build submenu | 13 | |
| Enter hero's abilities submenu | 9 | |
| Give item / drop item | 1 | |
| Remove unit from queue | 5 | |
| Right click | 343 | |
| Select / deselect | 231 | |
| Select group hotkey | 149 | |
| Use ability | 43 | |
878 total
» units
| Wisp | 10 | |
| Archer | 6 | |
| Huntress | 3 | |
| Hippogryph | 5 | |
| Chimaera | 8 | |
32 total
» upgrades
| Well Spring | 1 | |
| Corrosive Breath | 1 | |
| Reinforced Hides | 3 | |
| Strength of the Wild | 2 | |
7 total
» buildings
| Altar of Elders | 1 | |
| Moon Well | 7 | |
| Ancient of War | 1 | |
| Hunter's Hall | 1 | |
| Tree of Ages | 1 | |
| Tree of Eternity | 1 | |
| Ancient of Wind | 1 | |
| Chimaera Roost | 2 | |
15 total
» build order
00:12 Altar of Elders
00:14 Moon Well
00:50 Ancient of War
01:34 Moon Well
02:10 Moon Well
02:33 Hunter's Hall
03:22 Moon Well
03:42 Tree of Ages
05:33 Moon Well
06:30 Tree of Eternity
06:34 Ancient of Wind
07:55 Moon Well
08:54 Chimaera Roost
08:59 Chimaera Roost
09:10 Moon Well
» items
bobobobobaran (
yellow | 39 APM | 819 actions | 21:01)
5 Demon Hunter
3 Mana Burn
2 Evasion
» actions
| Build / train | 60 | |
| Enter build submenu | 25 | |
| Enter hero's abilities submenu | 5 | |
| Give item / drop item | 1 | |
| Right click | 331 | |
| Select / deselect | 345 | |
| Use ability | 52 | |
819 total
» units
| Wisp | 23 | |
| Huntress | 5 | |
| Dryad | 5 | |
| Druid of the Claw | 6 | |
| Hippogryph | 1 | |
40 total
» upgrades
| Abolish Magic | 1 | |
| Strength of the Wild | 3 | |
| Reinforced Hides | 3 | |
| Druid of the Claw Training | 2 | |
| Well Spring | 1 | |
| Mark of the Claw | 1 | |
11 total
» buildings
| Altar of Elders | 1 | |
| Moon Well | 7 | |
| Ancient of War | 1 | |
| Hunter's Hall | 1 | |
| Tree of Ages | 1 | |
| Ancient of Lore | 4 | |
| Tree of Life | 4 | |
| Tree of Eternity | 1 | |
| Ancient of Wind | 1 | |
| Ancient of Wonders | 1 | |
22 total
» build order
00:11 Altar of Elders
00:14 Moon Well
00:49 Ancient of War
01:33 Moon Well
02:06 Hunter's Hall
02:23 Moon Well
03:01 Tree of Ages
03:45 Moon Well
05:41 Ancient of Lore
05:44 Ancient of Lore
05:53 Ancient of Lore
06:07 Ancient of Lore
06:52 Tree of Life
07:15 Moon Well
07:18 Moon Well
09:03 Tree of Eternity
10:17 Tree of Life
12:58 Ancient of Wind
14:32 Ancient of Wonders
14:50 Moon Well
14:57 Tree of Life
15:22 Tree of Life
» items
Chat log
(00:23 / Allies) u_make_me_horny: can i borrow 100 gold
(00:27 / Allies) u_make_me_horny: will give back after alter built
(00:54 / Allies) Cowsownall: thanks
(00:59 / Allies) u_make_me_horny: thanks
(01:01 / Allies) u_make_me_horny: to both of u
(01:18 / Allies) TOYS-R-US-DEAL: dont mean to be a dick
(01:27 / Allies) TOYS-R-US-DEAL: but isn't it irrelevant if u give it back
(01:38 / Allies) u_make_me_horny: nope
(01:41 / Allies) u_make_me_horny: just faster alter
(02:19 / Allies) u_make_me_horny: i got my hero out faster
(02:21 / Allies) Cowsownall: playing this game sober is not the same..
(02:29 / Allies) GusOldIronsides: not at all red :/
(02:42 / Allies) Cowsownall: fuck you system, damn you for your drug tests. AHHHH
(03:14 / Allies) TOYS-R-US-DEAL: i missed out on toys r us deals damn
(03:25 / Allies) Cowsownall: I understand.
(03:31 / Allies) Cowsownall: The new barbie came out today.
(03:32 / Allies) Cowsownall: oooh
(03:39 / Allies) TOYS-R-US-DEAL: ken is hot
(03:44 / Allies) Cowsownall: extremley.
(03:56 / Allies) TOYS-R-US-DEAL: i mean toys r us had video game sales that were godly lolz
(03:59 / Allies) TOYS-R-US-DEAL: nobody knows they sell games
(04:11 / Allies) Cowsownall: I'm concerned for your health.
(04:28 / Allies) TOYS-R-US-DEAL: i played barbies up until 14
(04:48 / Allies) Cowsownall: I played with myself untill I was 14, than I got a girlfriend.
(04:50 / Allies) TOYS-R-US-DEAL: creep middle?
(04:53 / Allies) Cowsownall: sure
(05:01 / Allies) TOYS-R-US-DEAL: come to middle ladies
(05:12 / Allies) Cowsownall: hang on, let me put on my new thong.
(05:41 / Allies) Cowsownall: oops, didnt mean to take that green
(05:47 / Allies) u_make_me_horny: its cool
(05:48 / Allies) u_make_me_horny: lets fight
(05:49 / Allies) u_make_me_horny: fast
(06:07 / Allies) Cowsownall: level 8 creep quick
(06:24 / All) TOYS-R-US-DEAL: bitches it sour creep
(06:31 / Allies) TOYS-R-US-DEAL: kill expos now
(07:04 / Allies) Cowsownall: we need to expo
(07:17 / Allies) Cowsownall: tits
(07:24 / All) TOYS-R-US-DEAL: i forgot u maphacked orange
(07:27 / All) GusOldIronsides: tjhis is fun oj, you keep over estimating your own abiliity, its cute
(07:28 / All) TOYS-R-US-DEAL: dagrentheslayer told me u did
(07:32 / All) SUCK.Bang.Blow.: omg totally
(07:49 / All) GusOldIronsides: if you do you're the worst mher in history
(07:58 / All) SUCK.Bang.Blow.: yikes
(08:22 / All) TOYS-R-US-DEAL: WE AINT MH JUST LUCKY
(08:34 / All) SUCK.Bang.Blow.: no mh
(08:35 / Allies) Cowsownall: wood?
(08:41 / Allies) Cowsownall: ty
(09:12 / Allies) TOYS-R-US-DEAL: LETS HIT or some shit niggas
(09:35 / All) Cowsownall: wood if possible
(09:44 / Allies) Cowsownall: ty
(09:44 / All) IwaslikeEmilio: Lol
(09:47 / All) Black_Leg: yes
(10:25 / Allies) u_make_me_horny: ready to hit
(10:32 / Allies) TOYS-R-US-DEAL: meet mid
(11:07 / Allies) Cowsownall: grabbed chargers sorry
(11:20 / Allies) GusOldIronsides: lols
(11:25 / Allies) GusOldIronsides: lets roll
(11:29 / Allies) Cowsownall: units pumping.
(11:32 / All) TOYS-R-US-DEAL: i never said u absolutely did mh oj just dagrentheslayer told me
(11:33 / All) GusOldIronsides: just too cute
(11:45 / All) SUCK.Bang.Blow.: yes u did lol
(12:04 / All) GusOldIronsides: nah, we all see how bad you are
(12:08 / All) GusOldIronsides: its okay tho
(12:11 / All) SUCK.Bang.Blow.: pink ur too god
(12:13 / All) SUCK.Bang.Blow.: good
(12:33 / All) SUCK.Bang.Blow.: ur gettin carried so hard haha
(12:34 / Allies) Cowsownall: hit a base?
(13:08 / All) SUCK.Bang.Blow.: purp doesnt upgrade griffs womp
(13:11 / Allies) Cowsownall: ty
(13:19 / Allies) Cowsownall: womp?
(14:19 / Allies) u_make_me_horny: 'm out
(14:26 / Allies) TOYS-R-US-DEAL: bats
(15:09 / Allies) Cowsownall: we be in troubles eh?
(15:17 / Allies) GusOldIronsides: nah
(15:48 / Allies) TOYS-R-US-DEAL: b
(15:59 / Allies) TOYS-R-US-DEAL: pinks base s
(16:17 / Allies) GusOldIronsides: good to hit again?
(16:53 / Allies) Cowsownall: dont tp
(16:57 / Allies) GusOldIronsides: walk
(17:37 / Allies) TOYS-R-US-DEAL: his hall
(17:52 / Allies) u_make_me_horny: walk
(17:53 / Allies) u_make_me_horny: walk
(17:53 / Allies) Cowsownall: moon wells are good too
(17:53 / Allies) u_make_me_horny: walk
(17:55 / Allies) GusOldIronsides: tp?
(18:00 / Allies) TOYS-R-US-DEAL: tp pink
(18:02 / Allies) TOYS-R-US-DEAL: to his epxo
(18:27 / Allies) Cowsownall: meet mid
(18:36 / Allies) TOYS-R-US-DEAL: purps base
(18:40 / Allies) GusOldIronsides: mine
(18:42 / Allies) TOYS-R-US-DEAL: tp
(18:50 / Allies) u_make_me_horny: tp
(18:50 / Allies) u_make_me_horny: tp
(18:51 / Allies) Cowsownall: tp.
(18:51 / Allies) u_make_me_horny: tp
(19:38 / Allies) u_make_me_horny: counter
(19:40 / Allies) Cowsownall: mid
(20:35 / All) GusOldIronsides: wheres ojs army
(20:37 / All) GusOldIronsides: lols
(20:48 / All) SUCK.Bang.Blow.: i kno u of all ppl arent talkin shit
(20:53 / All) u_make_me_horny: gg
(20:55 / All) SUCK.Bang.Blow.: u had 4 rif nd 3 morts jhaha
(21:00 / All) GusOldIronsides: i did? lol
(21:01 / All) SUCK.Bang.Blow.: dude u got carried haha
(21:01 / Allies) Cowsownall: gg
(21:01 / All) TOYS-R-US-DEAL: lawl
(21:02 / All) Cowsownall: gg
(21:05 / Allies) Cowsownall: great job
(21:06 / All) TOYS-R-US-DEAL: im uploading this
(21:07 / All) SUCK.Bang.Blow.: look at blue nd red
(21:08 / All) TOYS-R-US-DEAL: best game ever
(21:17 / All) GusOldIronsides: dude you had NOTHING cause of me
(21:19 / All) Cowsownall: fun shit
(21:19 / All) SUCK.Bang.Blow.: i hack remember haha
(21:22 / All) SUCK.Bang.Blow.: i hack ahhaa
(21:25 / All) SUCK.Bang.Blow.: fuckin tool bags
(21:27 / All) TOYS-R-US-DEAL: dagren said that not me